 Dungeon Crawl Stone Soup version 0.18-a0-820-gb085b11 (webtiles) character file.

79 Darkell the Sneak (level 4, -5/23 HPs)
             Began as a Vine Stalker Assassin on Dec 16, 2015.
             Slain by an orc
             ... wielding a +0 trident
              (7 damage)
             ... on level 3 of the Dungeon.
             The game lasted 00:02:56 (1246 turns).

Darkell the Sneak (Vine Stalker Assassin)           Turns: 1246, Time: 00:02:56

Health: -5/23      AC:  3    Str: 13    XL:     4   Next: 37%
Magic:  0/5        EV: 12    Int: 12    God:
Gold:   118        SH:  0    Dex: 16    Spells: 0 memorised, 3 levels left

rFire  . . .     SeeInvis .     a - +2 dagger
rCold  . . .     Gourm    .     c - +0 robe
rNeg   . . .     Faith    .     (no shield)
rPois  .         Spirit   +     (no helmet)
rElec  .         Dismiss  .     d - +0 cloak
rCorr  .         Reflect  .     (no gloves)
SustAt .         Harm     .     (no boots)
MR     .....                    (no amulet)
Stlth  +++.......               (no ring)
                                i - ring of flight

@: not resistant to hostile enchantments, fairly stealthy
A: fangs 2, regeneration 1, magic shield, antimagic bite, no device heal 3, rot
immunity
a: Evoke Flight


You were on level 3 of the Dungeon.
You were not hungry.

You visited 1 branch of the dungeon, and saw 3 of its levels.

You collected 118 gold pieces.

Inventory:

Hand Weapons
 a - a +2 dagger (weapon)
 b - a +0 blowgun
Missiles
 e - 18 poisoned needles
 f - 2 curare-tipped needles
Armour
 c - a +0 robe (worn)
 d - a +0 cloak (worn)
Jewellery
 i - a ring of flight (left hand)
Scrolls
 h - a scroll of fog {unknown}
 j - a scroll of remove curse {unknown}
 m - 2 scrolls of identify {unknown}
 q - a scroll of immolation {unknown}
Potions
 k - 2 potions of flight {unknown}
 l - a potion of poison {unknown}
 o - a potion of magic {unknown}
Comestibles
 g - a bread ration
 n - 7 fruits
 p - a meat ration


   Skills:
 + Level 2.1 Fighting
 + Level 2.6 Short Blades
 + Level 1.8 Throwing
 + Level 1.4 Dodging
 + Level 5.8 Stealth


You had 3 spell levels left.
You didn't know any spells.

Dungeon Overview and Level Annotations

Branches:
Dungeon (3/15)

Altars:


Innate Abilities, Weirdness & Mutations

You have extremely sharp teeth.
Your natural rate of healing is unusually fast.
When hurt, damage is shared between your health and your magic reserves.
Your bite disrupts and absorbs the magic of your enemies.
Potions and wands cannot restore your health.
You are immune to rotting.


Message History

You closely miss the gnoll. You bite the gnoll, but do no damage.
The gnoll is severely wounded.
The orc hits you from afar with a trident.
* * * LOW HITPOINT WARNING * * *
The gnoll hits you but does no damage.
A kobold comes into view.
You barely miss the gnoll.
The kobold shouts!
You bite the gnoll. You drain its power.
You feel invigorated.
The gnoll is severely wounded.
The gnoll hits you with a club.
* * * LOW HITPOINT WARNING * * *
The orc hits you but does no damage. The hound misses you.
The hound barely misses you.
The kobold throws a stone.
The stone barely misses you. The hound bites you.
* * * LOW HITPOINT WARNING * * *
The orc hits you from afar with a trident!
You die...

...#
..#####.######
#............#
.#####.###)#.#
#.#####.##.###.#
#...<...#.## #.#
#########..## ##
... ##.#.#.###
.... #.@...%..#
.....##(h##.......
........go...K....
.....##..#.##.....
.... #..#.# ..###
... #...o.(.K# #
####.####. .# #


You could see a hound, a gnoll, an orc and a kobold.

Vanquished Creatures
  A gnoll (D:3)
  2 adders (D:2)
  An ooze (D:2)
  4 worms (D:2)
  6 bats
  5 giant cockroaches
  6 hobgoblins
  2 kobolds
  4 giant newts
  4 goblins
  4 rats
39 creatures vanquished.

Notes
Turn   | Place    | Note
--------------------------------------------------------------
     0 | D:1      | Darkell the Vine Stalker Assassin began the quest for the Orb.
     0 | D:1      | Reached XP level 1. HP: 11/11 MP: 2/2
   221 | D:1      | Reached skill level 5 in Stealth
   245 | D:1      | Reached XP level 2. HP: 12/15 MP: 1/3
   543 | D:1      | Reached skill level 1 in Dodging
   670 | D:2      | Reached XP level 3. HP: 9/18 MP: 1/4
   911 | D:2      | Reached XP level 4. HP: 23/23 MP: 5/5
  1246 | D:3      | Slain by an orc

Vault maps used:
D:1:      co_arrival_random_square_maze
D:3:      first_bread

Action                   |  1- 3 |  4- 6 || total
-------------------------+-------+-------++-------
Melee: Dagger            |   114 |    31 ||   145
 Stab: Sleeping          |     4 |     3 ||     7
  Eat: Chunk             |       |     1 ||     1
